[Event "Team 45 45 League T28"]
[Site "Internet Chess Club"]
[Date "2005.09.16"]
[Round "1"]
[White "MiroslavR"]
[Black "camembert"]
[Result "0-1"]
[WhiteElo "1966"]
[BlackElo "1878"]
[TimeControl "2700+45"]

1. e4 e5 2. Nf3 Nc6 3. Bb5 a6 4. Ba4 Nf6 5. d3 d6 6. c3 g6 7. Nbd2 Bg7 8. O-O
O-O 9. Re1 Nd7 10. Nf1 Nc5 11. Bc2 Ne6 12. Ne3 f5 13. Nd5 f4 14. b4 g5 15. Nd2
Qe8 16. Bb3 Kh8 17. Bb2 h5 18. g3 g4 19. a4 Qf7 20. Rf1 Ng5 21. Nb6 Qf6 22. Nxa8
Nh3+ 23. Kg2 h4 24. Nxc7 hxg3 25. fxg3 Qh6 26. Nd5 Ng5 27. Qe1 Nf3 28. Nxf3
gxf3+ 29. Rxf3 Bg4 30. Qf2 Qh3+ 31. Kg1 Bh6 32. Qg2 Qh5 33. Rf2 f3 34. Qf1 Nd8
35. Bc1 Ne6 36. Bxh6 Qxh6 37. Raa2 Ng5 38. Qe1 Bh3 39. Qe3 Bg2 40. Rxg2 fxg2 41.
Rxg2 Nh3+ 42. Kh1 Rf1+ 43. Rg1 Rxg1+ 44. Qxg1 Nxg1 45. Kxg1 Qc1+ 46. Kg2 Qb2+
47. Kf3 Qxb3 48. a5 Qd1+ 49. Ke3 Qg1+ 50. Kf3 Qh1+ 51. Kg4 Qxh2 52. c4 Qe2+ 53.
Kf5 Qxd3 54. g4 Qf3+ 55. Ke6 Qxg4+ 56. Kxd6 Qxe4 57. c5 Qd4 58. c6 bxc6 59. Kxc6
Qc4+ 60. Kd6 e4 {White resigns} 0-1

[Event "Team 45 45 League T28"]
[Site "Internet Chess Club"]
[Date "2005.09.18"]
[Round "1"]
[White "six-killer"]
[Black "TheBogNug"]
[Result "0-1"]
[WhiteElo "1775"]
[BlackElo "1829"]
[TimeControl "2700+45"]

1. e4 c5 2. Nf3 e6 3. d4 cxd4 4. Nxd4 Nc6 5. Nb5 d6 6. N1c3 a6 7. Nd4 Be7 8. Be3
Nf6 9. f3 Qc7 10. Qd2 b5 11. O-O-O Bb7 12. Kb1 b4 13. Nce2 d5 14. Bf4 e5 15.
Nxc6 Bxc6 16. exd5 Bxd5 17. Bg5 Rd8 18. Qc1 Qa5 19. b3 O-O 20. Qb2 Be6 21. Bd2
e4 22. Nd4 Qb6 23. Be3 Nd5 24. Nf5 Nc3+ 25. Qxc3 Rxd1+ {White resigns} 0-1

[Event "Team 45 45 League T28"]
[Site "Internet Chess Club"]
[Date "2005.09.18"]
[Round "1"]
[White "ears"]
[Black "Stav"]
[Result "1/2-1/2"]
[WhiteElo "1700"]
[BlackElo "1698"]
[TimeControl "2700+45"]

1. g3 Nf6 2. Bg2 d6 3. d4 Nbd7 4. e4 e5 5. d5 Be7 6. c4 O-O 7. Ne2 Nh5 8. Nbc3
g6 9. O-O Ng7 10. f4 f5 11. exf5 gxf5 12. Be3 Kh8 13. Qd2 Nh5 14. Nd1 Nhf6 15.
Nf2 Rg8 16. Nc3 Ng4 17. Nxg4 Rxg4 18. Bf3 Rg7 19. Kh1 Bf6 20. Rac1 a6 21. Bg2
Qe8 22. Bf3 e4 23. Be2 b6 24. Qd1 Nc5 25. Bd4 Qe7 26. b4 Nd7 27. Bxf6 Qxf6 28.
Qd2 Bb7 29. Qe3 Rag8 30. Rg1 Qh6 31. Qf2 Nf6 32. a3 Ng4 33. Bxg4 Rxg4 34. Ne2
Bc8 35. Qe3 Qf6 36. Qd4 Qxd4 37. Nxd4 h5 38. Rc3 h4 39. Ne2 hxg3 40. Rcxg3 Rxg3
41. Rxg3 Rxg3 42. Nxg3 Kg7 43. Ne2 Kg6 44. Kg2 Bd7 45. Nc3 b5 46. cxb5 axb5 47.
Kg3 c6 48. Kh4 cxd5 49. Nxd5 Be6 50. Ne7+ Kf7 51. Nc6 d5 52. Nd4 Bd7 53. Kh5 Kf6
54. Kh6 Be8 55. h4 e3 56. h5 Bf7 57. Ne2 Be8 58. Nd4 Bf7 59. Ne2 d4 60. Nxd4 Bc4
61. Nc2 e2 62. Ne1 Bg8 63. Nd3 Bc4 {Game drawn by mutual agreement} 1/2-1/2

[Event "Team 45 45 League T28"]
[Site "Internet Chess Club"]
[Date "2005.09.16"]
[Round "1"]
[White "RD1974"]
[Black "clarnibass"]
[Result "0-1"]
[WhiteElo "1670"]
[BlackElo "1699"]
[TimeControl "2700+45"]

1. e4 e6 2. d3 d5 3. Nd2 Nf6 4. g3 dxe4 5. dxe4 Bc5 6. Bg2 Nc6 7. Ngf3 e5 8. O-O
O-O 9. Qe2 a5 10. Rd1 Qe7 11. h3 b6 12. Nf1 Ba6 13. c4 Rfd8 14. Bg5 h6 15. Be3
Rxd1 16. Rxd1 Rd8 17. Bxc5 Qxc5 18. Rxd8+ Nxd8 19. Qd3 Nc6 20. N3d2 Qd4 21. Qxd4
Nxd4 22. Ne3 Bc8 23. Nd5 Nxd5 24. exd5 Kf8 25. h4 Ke7 26. Ne4 f5 27. Nc3 Kd6 28.
Kf1 Kc5 29. b3 Kb4 30. Nb1 a4 31. Ke1 axb3 32. axb3 Nxb3 33. Bf1 Ba6 34. Kd1
Bxc4 35. Bg2 e4 36. Bh3 g6 37. h5 gxh5 38. Bxf5 Bxd5 39. Bg6 c5 40. Kc2 Nd4+ 41.
Kb2 b5 42. Nc3 Kc4 43. Bxh5 b4 44. Nd1 Kd3 45. Ne3 Be6 46. Ng2 c4 47. Nf4+ Kd2
48. Bg6 c3+ 49. Ka1 c2 50. Nd3 Kxd3 51. Kb2 Kd2 52. Bxe4 c1=Q# {White
checkmated} 0-1

[Event "Team 45 45 League T28"]
[Site "Internet Chess Club"]
[Date "2005.09.18"]
[Round "1"]
[White "BaroneRosso"]
[Black "indiadar"]
[Result "0-1"]
[WhiteElo "2033"]
[BlackElo "2037"]
[TimeControl "2700+45"]

1. d4 Nf6 2. c4 e6 3. Nf3 d5 4. Bg5 Be7 5. Nc3 h6 6. Bh4 O-O 7. e3 b6 8. Rc1 Bb7
9. Bxf6 Bxf6 10. cxd5 exd5 11. Bd3 c5 12. O-O Nd7 13. Bf5 Re8 14. Bxd7 Qxd7 15.
dxc5 bxc5 16. Na4 c4 17. Nd4 Bxd4 18. exd4 Qf5 19. Nc5 Bc6 20. Qd2 Re7 21. Rfe1
Rae8 22. Rxe7 Rxe7 23. h3 Qg5 24. Qxg5 hxg5 25. Kf1 a5 26. Re1 Kf8 27. Rxe7 Kxe7
28. Ke2 Bb5 29. Ke3 f5 30. g3 Kf6 31. a3 Be8 32. Nb7 a4 33. Nc5 Bb5 34. f4 gxf4+
35. Kxf4 g5+ 36. Ke3 Kg6 37. Ne6 Kf6 38. Nc7 Bc6 39. h4 f4+ 40. gxf4 gxh4 41.
Na6 Kf5 42. Nb4 Be8 43. Nxd5 h3 44. Nc3 h2 45. Ne2 Kg4 {White resigns} 0-1

[Event "Team 45 45 League T28"]
[Site "Internet Chess Club"]
[Date "2005.09.16"]
[Round "1"]
[White "Ser-Enigma"]
[Black "DTK"]
[Result "1-0"]
[WhiteElo "2035"]
[BlackElo "1977"]
[TimeControl "2700+45"]

1. e4 e6 2. d3 c5 3. Nf3 Nc6 4. g3 Nge7 5. Bg2 g6 6. O-O Bg7 7. Re1 d6 8. c3 e5
9. Na3 O-O 10. Nh4 Rb8 11. Nc2 a5 12. Be3 b5 13. d4 exd4 14. cxd4 f5 15. exf5
Bxf5 16. dxc5 dxc5 17. Nxf5 Rxf5 18. g4 Re5 19. f4 Rxe3 20. Rxe3 Nd4 21. Kh1 Nd5
22. Bxd5+ Qxd5+ 23. Kg1 Rd8 24. Ne1 c4 25. Kf2 h6 26. Ng2 Kh7 27. Rc1 Bf8 28.
Qe1 Rd7 29. b3 Bb4 30. Qd1 cxb3 31. axb3 a4 32. bxa4 bxa4 33. Qxa4 Bd2 34. Re5
Qf3+ 35. Kg1 Rb7 36. Qxd4 Bxc1 37. Re8 Be3+ 38. Qxe3 Rb1+ 39. Ne1 Qxg4+ 40. Qg3
Qd7 41. Re2 Rb5 42. Qe3 g5 43. Rd2 Qg4+ 44. Ng2 Rb1+ 45. Kf2 Qf5 46. Qe7+ Kg6
47. Qe8+ {Black resigns} 1-0

[Event "Team 45 45 League T28"]
[Site "Internet Chess Club"]
[Date "2005.09.17"]
[Round "1"]
[White "Poet-Laureate"]
[Black "Boromir"]
[Result "1/2-1/2"]
[WhiteElo "1815"]
[BlackElo "1858"]
[TimeControl "2700+45"]

1. e4 c5 2. Nf3 Nc6 3. Bc4 e6 4. a3 a6 5. Nc3 d6 6. O-O Nf6 7. d4 cxd4 8. Nxd4
Be7 9. Be3 Nxd4 10. Bxd4 O-O 11. h3 b5 12. Bd3 e5 13. Be3 Bb7 14. Qf3 Rc8 15.
Rad1 Nd7 16. Nd5 Nc5 17. Bxc5 Rxc5 18. b3 f5 19. c4 Bxd5 20. cxd5 f4 21. a4 Qd7
22. Rc1 Rfc8 23. Rxc5 Rxc5 24. axb5 axb5 25. Ra1 Qc8 26. Ra7 Bf6 27. Qh5 h6 28.
Qf7+ Kh8 29. Rd7 f3 30. gxf3 b4 31. Bc4 Ra5 32. Kg2 Ra1 33. Rxd6 Qc5 34. Rc6 Qd4
35. Qg6 Ra8 36. d6 Bh4 37. Ra6 Qxf2+ 38. Kh1 Qxf3+ 39. Qg2 Qd1+ 40. Qf1 Qxf1+
41. Bxf1 Rxa6 42. Bxa6 Kg8 43. Kg2 Kf8 44. Kf3 Ke8 45. Bb5+ Kd8 46. Kg4 Bg5 47.
h4 Bf4 48. h5 Bg5 49. Kf5 Bf4 50. Kg6 Bg5 51. Kxg7 Bf4 52. Kf6 Bg3 53. Kg6 Bf4
54. Kf5 Bg3 55. Ke6 Bf4 56. Bc6 Bg3 57. Kd5 Bf4 58. Bb5 Bg3 59. Be2 Bf4 60. Bg4
Bg3 61. Be6 Bf4 62. Kc5 Bd2 63. Kc4 Be1 64. Bg4 Bd2 65. Kd5 Bf4 66. Ke6 Bg3 67.
Kf5 Bf4 68. Kg6 Bg5 69. Be6 Bf4 70. Kf5 Bg3 {Game drawn by mutual agreement}
1/2-1/2

[Event "Team 45 45 League T28"]
[Site "Internet Chess Club"]
[Date "2005.09.17"]
[Round "1"]
[White "Bug"]
[Black "LoseOften"]
[Result "1/2-1/2"]
[WhiteElo "2202"]
[BlackElo "1886"]
[TimeControl "2700+45"]

1. c4 f5 2. Nc3 Nf6 3. g3 g6 4. Bg2 Bg7 5. e3 O-O 6. Nge2 e5 7. d4 d6 8. O-O c6
9. b3 Be6 10. d5 Bf7 11. dxc6 Nxc6 12. Ba3 Ne8 13. Qd2 e4 14. Rad1 a6 15. f3
exf3 16. Bxf3 Be5 17. Nd5 Nf6 18. Bb2 Bxb2 19. Qxb2 Nxd5 20. Bxd5 Bxd5 21. Rxd5
Qf6 22. Qxf6 Rxf6 23. Rfd1 Nb4 24. Rxd6 Rxd6 25. Rxd6 Nxa2 26. Rb6 Re8 27. Kf2
Re7 28. Nf4 Nc3 29. Ne6 Ne4+ 30. Kf3 Nd2+ 31. Kf4 Nxb3 32. Rxb3 Rxe6 33. Rxb7
Re4+ 34. Kg5 {Game drawn by mutual agreement} 1/2-1/2

[Event "Team 45 45 League T28"]
[Site "Internet Chess Club"]
[Date "2005.09.18"]
[Round "1"]
[White "BillyNoMates"]
[Black "nateinstein"]
[Result "1-0"]
[WhiteElo "1825"]
[BlackElo "1922"]
[TimeControl "2700+45"]

1. e4 c6 2. d4 d5 3. e5 Bf5 4. Bd3 Bxd3 5. Qxd3 e6 6. f4 Ne7 7. Nf3 Nd7 8. O-O
h5 9. Nh4 g6 10. Nd2 c5 11. c3 Nc6 12. Ndf3 Qb6 13. Ng5 cxd4 14. Nxg6 Nc5 15.
Qb1 fxg6 16. Qxg6+ Kd7 17. b4 dxc3 18. bxc5 Bxc5+ 19. Kh1 Ne7 20. Qd3 Qa5 21.
Nxe6 Kxe6 22. f5+ Kd7 23. e6+ Kc6 24. f6 Nc8 25. e7 Nd6 26. f7 Ne4 27. f8=Q
Rhxf8 28. exf8=Q Rxf8 29. Rxf8 Bxf8 30. Be3 Bh6 31. Bg1 Qb5 32. Qc2 Qb2 33. Qa4+
Kd6 34. Rf1 c2 35. Rf7 Be3 36. Qd7+ Ke5 37. Rf5+ Kd4 38. Qg7+ Kc4 39. Qxb2 c1=Q
40. Qb3+ Kc5 {Black resigns} 1-0

[Event "Team 45 45 League T28"]
[Site "Internet Chess Club"]
[Date "2005.09.17"]
[Round "1"]
[White "Beancounter"]
[Black "RingLord"]
[Result "1/2-1/2"]
[WhiteElo "1720"]
[BlackElo "1604"]
[TimeControl "2700+45"]

1. d4 d5 2. Nf3 Bf5 3. c4 e6 4. Qb3 Nc6 5. e3 Nb4 6. Na3 c5 7. Bd2 a5 8. cxd5
exd5 9. Bb5+ Bd7 10. dxc5 Bxb5 11. Nxb5 Bxc5 12. a4 Nf6 13. O-O O-O 14. Rac1 b6
15. Rfd1 Nc6 16. Bc3 Rc8 17. Bxf6 Qxf6 18. Rxd5 Nb4 19. Rdd1 Rfd8 20. Nbd4 Rc7
21. Nc2 Rcd7 22. Rxd7 Rxd7 23. Nxb4 Bxb4 24. Nd4 Bc5 25. Qc4 h6 26. Qb5 Qd8 27.
g3 Bxd4 28. exd4 Rxd4 29. Re1 Rd1 30. Rxd1 {Game drawn by mutual agreement}
1/2-1/2